 Dungeon Crawl Stone Soup version 0.17-a0-1176-g3d5a0d0 (webtiles) character file.

15 HEYYEYAAE the Digger (level 2, -1/19 HPs)
             Began as a Human Earth Elementalist on May 30, 2015.
             Slain by an adder (2 damage)
             ... on level 1 of the Dungeon.
             The game lasted 00:01:31 (583 turns).

HEYYEYAAE the Digger (Human Earth Elementalist)      Turns: 583, Time: 00:01:31

Health: -1/19      AC:  2    Str:  8    XL:     2   Next: 65%
Magic:  0/5        EV: 12    Int: 15    God:
Gold:   60         SH:  0    Dex: 13    Spells: 1 memorised, 4 levels left

rFire  . . .     SeeInvis .     f - +0 hand axe
rCold  . . .     Clarity  .     b - +0 robe
rNeg   . . .     SustAt   .     (no shield)
rPois  .         Gourm    .     (no helmet)
rElec  .         Spirit   .     (no cloak)
rCorr  .         Warding  .     (no gloves)
rMut   .         Stasis   .     (no boots)
MR     .....                    (no amulet)
Stlth  ++........               (no ring)
                                (no ring)

@: lethally poisoned (-1 -> -2), very slightly contaminated, hasted, very quick,
not resistant to hostile enchantments, unstealthy
A: regeneration 1
a: no special abilities


You were on level 1 of the Dungeon.
You were not hungry.

You visited 1 branch of the dungeon, and saw 2 of its levels.

You collected 60 gold pieces.

Inventory:

Hand weapons
 f - a +0 hand axe (weapon)
Missiles
 a - 20 stones (quivered)
Armour
 b - a +0 robe (worn)
Scrolls
 h - 2 scrolls of remove curse {unknown}
 i - 3 scrolls of identify {unknown}
 k - a scroll of teleportation {unknown}
 n - a scroll of fog {unknown}
Potions
 j - a potion of magic {unknown}
 l - a potion of cure mutation {unknown}
 m - a potion of mutation {unknown}
Books
 c - a book of Geomancy

   Spells                             Type                      Level
   a - Sandblast                      Earth                        1
   b - Stoneskin                      Transmutation/Earth          2
   c - Passwall                       Transmutation/Earth          3
   d - Stone Arrow                    Conjuration/Earth            3
   e - Petrify                        Transmutation/Earth          4
   f - Lee's Rapid Deconstruction     Earth                        5
Comestibles
 d - 2 bread rations


   Skills:
 + Level 0.2 Fighting
 + Level 2.2 Dodging
 - Level 2.0 Stealth
 * Level 2.1 Spellcasting
   Level 1.0 Transmutations
 * Level 3.4 Earth Magic


You had 4 spell levels left.
You knew the following spells:

 Your Spells              Type           Power        Failure   Level  Hunger
a - Sandblast             Erth           ##....       8%          1    #......


Dungeon Overview and Level Annotations

Branches:
Dungeon (2/15)

Altars:


Innate Abilities, Weirdness & Mutations

Your natural rate of healing is unusually fast.


Message History

Aim: an adder (severely wounded)
You miscast Sandblast.
You are very lightly contaminated with residual magic.
Nothing appears to happen.
The adder misses you.
Unknown command.
Drink which item? (? for menu, Esc to quit)
It was a potion of beneficial mutation.
You begin to heal more quickly.
You feel fantastic!
You feel sick. The adder misses you.
Unknown command.
Drink which item? (? for menu, Esc to quit)
Okay, then.
You closely miss the adder.
The adder is severely wounded.
The adder misses you. The adder bites you.
* * * LOW HITPOINT WARNING * * *
Unknown command.
Drink which item? (? for menu, Esc to quit)
It was a potion of haste.
You feel yourself speed up. The adder bites you.
You die...

#.# #. #..# #.# #.
#..# #.# ##. ####..#
..# #.. ..##.>#
#.###..####.##.†#
.......s..#.##..#
###....##.#.##..## #
#...†........S#
#..###.#.####@# #
##.## #.#.#
#.########### ###..#
#.#.# ##.#..........
.....# #.#.#
#....#.###.##
.[^..####.#.###.#..#.#
.......)....#...#....#
..............#####..#
......##..###...#....#
......##..####..#.##.#


You could see an adder.

Vanquished Creatures
  A giant cockroach (D:1)
  2 goblins (D:1)
  3 hobgoblins (D:1)
  A jackal (D:1)
  A ball python (D:1)
  3 bats (D:1)
  4 rats (D:1)
15 creatures vanquished.

Notes
Turn   | Place    | Note
--------------------------------------------------------------
     0 | D:1      | HEYYEYAAE the Human Earth Elementalist began the quest for the Orb.
     0 | D:1      | Reached XP level 1. HP: 13/13 MP: 3/3
    91 | D:1      | Reached XP level 2. HP: 5/19 MP: 0/5
   581 | D:1      | Gained mutation: Your natural rate of healing is unusually fast. [potion of beneficial mutation]
   583 | D:1      | Slain by an adder

Vault maps used:
D:1:      minmay_arrival_four_circles
D:2:      first_bread, tgw_kikubaaqudgha, uniq_terence, uniq_iyjb,
          uniq_crazy_yiuf_cottage

Action                   || total
-------------------------++-------
Melee: Hand axe          ||    31
 Cast: Sandblast         ||    32
  Use: Potion            ||     2
